 Dungeon Crawl Stone Soup version 0.31-a0-237-g2d982f9f85 (webtiles) character file.

Game seed: 8736107629135259911

49 qw the Shooter (level 3, -2/21 HPs)
             Began as a Gargoyle Hexslinger on July 11, 2023.
             Slain by Robin
             ... wielding a +0 mace
              (6 damage)
             ... on level 2 of the Dungeon.
             The game lasted 00:00:25 (911 turns).

qw the Shooter (Gargoyle Hexslinger)                 Turns: 911, Time: 00:00:26

Health: -2/21      AC:  6    Str: 11    XL:     3   Next: 75%
Magic:  4/4        EV: 12    Int: 13    God:
Gold:   70         SH:  0    Dex: 14    Spells: 3/4 levels left

rFire   . . .        Y - +1 sling
rCold   . . .        (no shield)
rNeg    + . .        c - +0 robe
rPois   inf          (no helmet)
rElec   +            (no cloak)
rCorr   .            f - +0 pair of gloves
SInv    .            (no boots)
Will    .....        (no amulet)
Stlth   +            (no ring)
HPRegen 0.23/turn    (no ring)
MPRegen 0.09/turn

%: no passive effects
@: no status effects
A: sickness immunity, AC +3, negative energy resistance 1, electricity
resistance, torment resistance 1, petrification resistance
a: no special abilities


You were on level 2 of the Dungeon.
You visited 1 branch of the dungeon, and saw 2 of its levels.

You collected 70 gold pieces.


Innate Abilities, Weirdness & Mutations

You are immune to sickness and miasma.
Your stone body is resilient. (AC +3)
You are immune to poison.
You resist negative energy. (rN+)
You are resistant to electric shocks. (rElec)
You are resistant to unholy torment.
You are immune to petrification.


   Skills:
 - Level 2.0 Fighting
 + Level 3.6 Ranged Weapons
 - Level 1.5 Dodging
 - Level 1.0 Spellcasting
 - Level 2.6 Hexes


You had 3 spell levels left.
You knew the following spells:

 Your Spells              Type           Power      Damage    Failure   Level
a - Slow                  Hex            28%        N/A       10%         1

Your spell library contained the following spells:

 Spells                   Type           Power      Damage    Failure   Level
 Inner Flame              Hex/Fire       4%         N/A       43%         3
 Portal Projectile        Hex/Tloc       8%         N/A       43%         3
 Cause Fear               Hex            3%         N/A       67%         4

Inventory:

Hand Weapons
 Y - a +1 sling (weapon)
Armour
 c - a +0 robe (worn)
 f - a +0 pair of gloves (worn)
Jewellery
 a - a ring of protection from cold
Scrolls
 e - a scroll of identify

Dungeon Overview and Level Annotations

Branches:
Dungeon (2/15)

Altars:

Annotations:
D:2 Robin


Message History

The sling bullet closely misses the goblin.
The sling bullet hits the goblin.
You kill the goblin!
A hobgoblin comes into view.
The goblin hits you but does no damage.
You shoot a sling bullet. The hobgoblin shouts!
The sling bullet hits the goblin.
You kill the goblin!
A goblin comes into view. It is wielding a +0 club.
You shoot a sling bullet.
The sling bullet closely misses the goblin.
The sling bullet hits the hobgoblin.
You kill the hobgoblin!
You shoot a sling bullet. The sling bullet hits the goblin.
You kill the goblin!
A hobgoblin comes into view.
You shoot a sling bullet.
The sling bullet hits Robin but does no damage.
You shoot a sling bullet. The sling bullet hits Robin.
Robin is lightly wounded.
Robin hits you but does no damage. Robin hits you with a +0 mace.
You shoot a sling bullet. The sling bullet hits Robin.
Robin is heavily wounded.
Robin hits you with a +0 mace.
You shoot a sling bullet. The sling bullet closely misses Robin.
The sling bullet closely misses the hobgoblin.
The goblin hits you with a +0 club. Robin closely misses you.
You shoot a sling bullet. The sling bullet barely misses Robin.
The sling bullet hits the hobgoblin but does no damage.
Robin barely misses you. The goblin hits you with a +0 club.
You shoot a sling bullet. The sling bullet closely misses Robin.
The sling bullet hits the hobgoblin.
The hobgoblin is severely wounded.
Robin hits you but does no damage. The goblin barely misses you.
You shoot a sling bullet. The sling bullet closely misses Robin.
The sling bullet hits the hobgoblin.
You kill the hobgoblin!
The goblin hits you with a +0 club. Robin hits you with a +0 mace.
You die...

######..##
.........#
..####..>#
#.<.%....#
######.#.# ######
#.# ###########
......
#.#####...g....).
######
#.#......@g).)...
#.......#########
########.#.#####
.......).#.#
########.#.#
#.%.# #####


You could see Robin and a goblin (strong).

Vanquished Creatures
  3 dart slugs
  2 endoplasms (D:1)
  10 goblins
  4 hobgoblins
  3 kobolds (D:1)
  A quokka (D:1)
  6 ball pythons
  6 bats
  2 frilled lizards (D:1)
  5 rats
42 creatures vanquished.

Notes
Turn   | Place    | Note
-------+----------+-------------------------------------------
     0 | D:1      | qw the Gargoyle Hexslinger began the quest for the Orb.
     0 | D:1      | Reached XP level 1. HP: 12/12 MP: 2/2
     0 | D:1      | 0 ||| qw: Version: 0.3-a-52-g30416fa
     0 | D:1      | 0 ||| qw: Game counter: 5822
     0 | D:1      | 0 ||| qw: Melee chars always use a shield: true
     0 | D:1      | 0 ||| qw: God list: Okawaru
     0 | D:1      | 0 ||| qw: Allow faded altars: false
     0 | D:1      | 0 ||| qw: Do Orc after clearing Dungeon:15 true
     0 | D:1      | 0 ||| qw: Do second Lair branch before Depths: true
     0 | D:1      | 0 ||| qw: Lair rune preference: random
     0 | D:1      | 0 ||| qw: Goals: Normal
     0 | D:1      | 0 ||| PLANNING D:1-11
   172 | D:1      | Reached XP level 2. HP: 16/16 MP: 3/3
   300 | D:1      | Reached skill level 3 in Ranged Weapons
   680 | D:1      | 680 ||| Stepping ~*~*~tactically~*~*~ (water).
   694 | D:1      | Reached XP level 3. HP: 21/21 MP: 4/4
   782 | D:1      | 782 ||| UPGRADING to +0 pair of gloves.
   787 | D:1      | 787 ||| READING scroll labelled ONKECIRURE.
   788 | D:1      | 788 ||| READING 2 scrolls labelled KIKLYG COU.
   789 | D:1      | 789 ||| READING scroll labelled CUZON KYPHAG.
   790 | D:1      | 790 ||| DROPPING scroll of poison.
   899 | D:2      | Noticed Robin
   911 | D:2      | HP: 4/21 [goblin/+0 club[Robin] (3)]
   911 | D:2      | Slain by Robin

Levels and vault maps discovered:
D:1:      lemuel_arrival_tunnels, layout_basic, minmay_misc_feat_pillars,
          moated_statue, nrook_mini_backslash, serial_bayou_lagoon_b
D:2:      layout_loops_ring, uniq_robin

Skill      XL: |  1  2  3 |
---------------+----------+-----
Ranged Weapons | 3 |  3.6
Fighting       | 2 |  2.0
Dodging        | |  1.5
Spellcasting   | |  1.0
Hexes          | |  2.6

Action                     || total
---------------------------++-------
   Fire: Sling             ||   109
    Use: Scroll            ||     3
 Armour: Robe              ||    15
  Dodge: Dodged            ||    31

Table legend:
 A = Non-vault XP
 B = Vault XP
 C = Vault XP percentage of total XP
 D = Non-vault monster count
 E = Vault monster count
 F = Vault count percentage of total count
                 A         B        C        D         E       F
            +---------+---------+-------+---------+---------+-------
      Total |      58 |      14 |  19.4 |      35 |       7 |  16.7
            +---------+---------+-------+---------+---------+-------
        D:1 |      42 |       0 |   0.0 |      26 |       0 |   0.0
        D:2 |      16 |      14 |  46.7 |       9 |       7 |  43.8
            +---------+---------+-------+---------+---------+-------
